 Dungeon Crawl Stone Soup version 0.30-b1-2-g02819fbbbe (webtiles) character file.

Game seed: 683199817660099130

0 sanka the Trooper (level 1, 0/24 HPs)
             Began as an Ogre Delver on May 10, 2023.
             Slain by an adder (3 damage)
             ... on level 3 of the Dungeon.
             The game lasted 00:00:47 (87 turns).

sanka the Trooper (Ogre Delver)                       Turns: 87, Time: 00:00:47

Health: 0/24       AC:  3    Str: 15    XL:     1   Next: 10%
Magic:  1/1        EV:  9    Int: 11    God:
Gold:   19         SH:  0    Dex: 10    Spells: 0/0 levels left

rFire   . . .        a - +0 mace
rCold   . . .        (no shield)
rNeg    . . .        b - +0 robe
rPois   .            (helmet restricted)
rElec   .            (no cloak)
rCorr   .            (gloves unavailable)
SInv    .            (boots unavailable)
Will    .....        (no amulet)
Stlth   ++           (no ring)
HPRegen 0.24/turn    (no ring)
MPRegen 0.07/turn

%: clarity
@: lethally poisoned (0 -> -1), hasted, very quick
A: large, unfitting armour, tough skin 1, horns 1, clarity
a: no special abilities


You were on level 3 of the Dungeon.
You visited 1 branch of the dungeon, and saw 3 of its levels.

You collected 19 gold pieces.

Inventory:

Hand Weapons
 a - a +0 mace (weapon)
Missiles
 i - 8 poisoned darts (quivered)
Armour
 b - a +0 robe (worn)
Wands
 g - a wand of digging (3)
Scrolls
 c - a scroll of fog
 d - a scroll of magic mapping
 e - a scroll of fear


   Skills:
 - Level 4.0 Fighting
 + Level 1.8 Maces & Flails
 - Level 1.7 Dodging
 - Level 3.7 Stealth


You couldn't memorise any spells.
You didn't know any spells.
Your spell library was empty.

Dungeon Overview and Level Annotations

Branches:
Dungeon (5/15)
 Temple: D:4-7

Altars:

Annotations:
D:4 exclusion: orc
D:5 exclusion: orc


Innate Abilities, Weirdness & Mutations

You are too large for most types of armour.
You have tough skin. (AC +1)
You have a pair of small horns on your head.
You possess an exceptional clarity of mind.


Message History

You start resting.
HP restored.
There is an escape hatch in the ceiling here.
A mysterious force pulls you upwards. The hatch slams shut behind you.
You hear the sound of rushing water.
There is an entrance to a sewer on this level.
Hurry and find it before the portal rusts away!
The goblin shouts!
The adder hisses angrily.
Found 5 stones.
Found a stone staircase leading down.
You see here 5 stones.
The adder attacks as you move away! The adder bites you.
The adder closely misses you. The adder bites you but does no damage.
The adder attacks as you move away! The adder bites you.
You are poisoned.
The adder poisons you!
You feel sick.
You feel sick. The adder attacks as you move away!
The adder bites you but does no damage.
You feel sick. The adder bites you.
You feel sick.
You feel sick.
You are no longer poisoned.
You feel yourself speed up. The adder bites you but does no damage.
Unknown command.
You miss the adder. The adder bites you.
You are poisoned.
The adder poisons you! The adder bites you.
You barely miss the adder.
You feel sick. The adder barely misses you.
Unknown command.
You closely miss the adder.
You feel sick. The adder bites you.
* * * LOW HITPOINT WARNING * * *
Unknown command.
You closely miss the adder.
You feel sick. The adder bites you.
* * * LOW HITPOINT WARNING * * *
Unknown command.
You barely miss the adder.
You feel sick. The adder barely misses you.
Unknown command.
It was a potion of mutation.
You feel extremely strange. A pair of horns grows on your head!
Your thoughts seem clearer.
The adder bites you.
You die...

####### #
###.#.#.#.##
####g...(.....#
#....#.#.#.#.##
#g###.........#
#o# ##.#.#.#.##
#S# #..........
#@#
##>#.#.#.#.#
........#
............
#######..
.#.#.#.#.#.##
####


You could see an adder, an orc and a goblin.

Vanquished Creatures
  A kobold (D:4)
1 creature vanquished.

Notes
Turn   | Place    | Note
-------+----------+-------------------------------------------
     0 | D:5      | sanka the Ogre Delver began the quest for the Orb.
     0 | D:5      | Reached XP level 1. HP: 24/24 MP: 1/1
    13 | D:5      | Noticed a jelly
    87 | D:3      | Gained mutation: You have a pair of small horns on your
                  | head. [potion of mutation]
    87 | D:3      | Gained mutation: You possess an exceptional clarity of
                  | mind. [potion of mutation]
    87 | D:3      | Slain by an adder

Illustrated notes

Levels and vault maps discovered:
D:3:      layout_loops_ring, basic_ecumenical_altar, gup_sewer_entry_spiral,
          minmay_misc_feat_more_columns, hangedman_decor_riveting, st_stairs_9,
          minmay_surrounded
D:4:      layout_cave_pools, gammafunk_temple_overflow_forgotten
D:5:      layout_basic, uniq_ijyb, uniq_grinder, uniq_pikel

Action                     || total
---------------------------++-------
  Melee: Mace              ||    10
         Punch             ||     1
    Use: Potion            ||     2
 Armour: Robe              ||     5
  Dodge: Dodged            ||     4
